 Dungeon Crawl Stone Soup version 0.24-a0-512-g2b48af375b (webtiles) character file.

Game seed: 16187957249774200976

6647 Marnok the Blocker (level 10, -2/88 HPs)
             Began as a Minotaur Fighter on July 20, 2019.
             Was an Elder of Lugonu.
             Slain by Sonja
             ... wielding a +2 short sword of distortion
              (18 damage)
             ... on level 10 of the Dungeon.
             The game lasted 00:30:51 (8660 turns).

Marnok the Blocker (Minotaur Fighter)               Turns: 8660, Time: 00:30:52

Health: -2/88      AC: 10    Str: 23    XL:     10   Next: 72%
Magic:  1/2        EV: 13    Int:  5    God:    Lugonu [****..]
Gold:   465        SH: 16    Dex: 11    Spells: 9/9 levels left

rFire    . . .     SeeInvis .   M - +10 long sword "Lomuxuos" {antimagic, rN+}
rCold    + . .     Gourm    .   c - +2 shield
rNeg     + . .     Faith    .   D - +1 troll leather armour
rPois    .         Spirit   .   g - +2 hat
rElec    .         Reflect  +   b - scarf {cloud immunity}
rCorr    .         Harm     .   (no gloves)
MR       +....                  (no boots)
Stlth    +++.......             N - +2 amulet of reflection (curse)
HPRegen  0.64/turn              x - ring of protection from cold
MPRegen  0.08/turn              F - ring of protection from magic

@: about to teleport
A: retaliatory headbutt, claws 1, horns 2, icy blue scales 1, camouflage 1, low
mp 1
a: Depart the Abyss, Bend Space, Banish, Corrupt, Renounce Religion


You were on level 10 of the Dungeon.
You worshipped Lugonu.
Lugonu was greatly pleased with you.
You were not hungry.

You visited 1 branch of the dungeon, and saw 10 of its levels.
You visited the Abyss 1 time.
You also visited: Sewer.

You collected 555 gold pieces.
You spent 90 gold pieces at shops.

Inventory:

Hand Weapons
 a - a +3 long sword
 j - a +3 dagger of venom
 E - a +3 quarterstaff of chaos
 I - a +1 falchion of holy wrath
 J - a +2 whip of draining
 M - the +10 long sword "Lomuxuos" (weapon) {antimagic, rN+}
   (You found it on level 6 of the Dungeon)

   It reduces the magical energy of the wielder, and disrupts the spells and
   magical abilities of those hit.
   Natural abilities and divine invocations are not affected.
   It protects you from negative energy.
Missiles
 v - 10 boomerangs (quivered)
Armour
 b - a scarf of cloud immunity (worn)
 c - a +2 shield (worn)
 g - a +2 hat (worn)
 r - a +0 cloak
 u - a +2 robe of cold resistance
 D - a +1 troll leather armour (worn)
Jewellery
 s - an uncursed amulet of the acrobat
 x - a ring of protection from cold (left claw)
 C - a cursed ring of attention {unknown}
 F - a ring of protection from magic (right claw)
 H - a cursed -2 ring of intelligence {unknown}
 N - a cursed +2 amulet of reflection (around neck)
Wands
 e - a wand of digging (5)
 t - a wand of random effects (15)
 z - a wand of iceblast (8)
Scrolls
 h - 5 scrolls of magic mapping
 i - 2 scrolls of identify
 n - 2 scrolls of noise
 o - 2 scrolls of teleportation
 q - 10 scrolls of fog
 y - a scroll of remove curse
 L - a scroll of immolation
 O - a scroll of brand weapon {unknown}
 P - a scroll of fear {unknown}
Potions
 d - 4 potions of might
 k - 7 potions of magic
 l - a potion of brilliance
 m - a potion of curing
 p - a potion of resistance
 A - 2 potions of flight
 B - a potion of cancellation
 G - a potion of invisibility
 K - 2 potions of degeneration
Comestibles
 f - 21 rations
 Q - a chunk of flesh


   Skills:
 + Level 7.9 Fighting
 + Level 6.6(8.4) Short Blades
 + Level 8.7(9.8) Long Blades
 + Level 9.0 Armour
 + Level 5.3 Dodging
 + Level 3.0 Stealth
 + Level 10.2 Shields


You had 9 spell levels left.
You didn't know any spells.
Your spell library contained the following spells:

 Spells                   Type           Power        Failure   Level  Hunger
 Confusing Touch          Hex            #.....       73%         1    ##.....
 Confuse                  Hex            #.......     97%         3    ####...
 Gell's Gravitas          Tloc           #.........   97%         3    ####...
 Cause Fear               Hex            #.........   100%        4    #####..
 Petrify                  Tmut/Erth      #.......     100%        4    #####..
 Metabolic Englaciation   Hex/Ice        #.........   100%        5    ######.
 Silence                  Hex/Air        #.........   100%        5    ######.
 Yara's Violent Unravell  Hex/Tmut       #.........   100%        5    ######.
 Deflect Missiles         Chrm/Air       #.........   100%        6    #######
 Discord                  Hex            #.........   100%        8    #######


Dungeon Overview and Level Annotations

Branches:
Dungeon (10/15)            Temple (0/1) D:6
   Lair: D:8-11         Orc: D:9-12

Altars:
Ashenzari
Hepliaklqana
Kikubaaqudgha
Makhleb
Nemelex Xobeh
Vehumet
Wu Jian
Yredelemnul
Zin
Lugonu

Annotations:
D:3 1 transporter, Mrkan's ghost, amateur HOMo
D:8 4 runed translucent doors
D:9 2 transporters
D:10 Sonja


Innate Abilities, Weirdness & Mutations

You reflexively headbutt those who attack you in melee.
You have a pair of horns on your head.
You have sharp fingernails.
You are partially covered in icy blue scales. (AC +2)
Your skin changes colour to match your surroundings (Stealth+).
Your magical capacity is low. (-10% MP)


Message History

* * * LOW HITPOINT WARNING * * *
You feel better. The efreet gestures at you. The bolt of fire hits you!!
* * * LOW HITPOINT WARNING * * *
You feel better. The efreet barely misses you.
You pass through the gate.
Welcome back to the Dungeon!
Level annotation: Sonja You can no longer gate yourself to the Abyss.
You block the bullfrog's attack.
The bullfrog hits you but does no damage.
You block the gargoyle's attack. Sonja hits you but does no damage.
Space bends around you.
* * * LOW HITPOINT WARNING * * *
Sonja hits you but does no damage. Space bends around you.
* * * LOW HITPOINT WARNING * * *
Sonja hits you but does no damage.
You blink.
The bullfrog barely misses you. Sonja hits you but does no damage.
Space warps horribly around you!!
You die...

## # .###### # ### .......
# ..# ....... ## #######.#
####...(... <# #.....#.#
#.......... .#.# #.###.#.#
#(K........ .#.# #.#...#.#
#@F9.5..... .#.#
#.#.###.###.......... .#.#
#....................
.#.#####.###.#.....#......
.#.#.......#.#.#...#.....(
.#.#÷......#...P...######'
....÷..÷.#....PPP..P#
.............P.PPPPP.>
#.##.#.##...P.......P##


You could see Sonja, a gargoyle, a bullfrog and a shadow imp.

Vanquished Creatures
  A two-headed ogre (D:7)
  A thrashing horror (Abyss:1)
  3 hippogriffs
  2 trolls
  Sigmund (D:2)
  A human (D:7)
  4 hogs (D:7)
  A porcupine (D:10)
  A sky beast (D:6)
  An ice beast (D:7)
  2 black bears (D:9)
  2 necrophages
  3 ogres
  4 centaurs
  A big kobold (D:7)
  6 bullfrogs
  A gnoll sergeant (D:8)
  6 killer bees (D:7)
  3 wights (D:7)
  A howler monkey (D:4)
  3 crimson imps
  A quasit (D:9)
  2 centaur skeletons
  2 hounds
  6 orc wizards
  Crazy Yiuf (D:3)
  3 jellies
  A bullfrog skeleton (D:9)
  3 iguanas
  Jessica (D:2)
  4 worker ants
  A worker ant zombie (D:10)
  Robin (D:3)
  10 adders
  12 gnolls
  6 river rats (Sewer)
  2 shadow imps (D:5)
  4 oozes
  5 worms
  2 dart slugs
  5 leopard geckos
  14 orcs
  10 ball pythons
  7 bats
  8 giant cockroaches
  14 goblins
  6 hobgoblins
  5 jackals (D:3)
  9 kobolds
  9 frilled lizards
  A quokka skeleton (D:9)
  33 rats
  A fungus (D:3)
237 creatures vanquished.

Notes
Turn   | Place    | Note
-------+----------+-------------------------------------------
     0 | D:1      | Marnok the Minotaur Fighter began the quest for the Orb.
     0 | D:1      | Reached XP level 1. HP: 19/19 MP: 0/0
   105 | D:1      | Reached XP level 2. HP: 26/27 MP: 1/1
   484 | D:1      | Reached XP level 3. HP: 33/33 MP: 2/2
  1041 | D:2      | Noticed Jessica
  1049 | D:2      | Killed Jessica
  1049 | D:2      | Reached skill level 1 in Dodging
  1049 | D:2      | Reached skill level 4 in Shields
  1067 | D:2      | Reached XP level 4. HP: 40/40 MP: 3/3
  1263 | D:2      | Found a faded altar of an unknown god.
  1272 | D:2      | Became a worshipper of Lugonu the Unformed
  1272 | D:2      | Reached * piety under Lugonu
  1272 | D:2      | Reached ** piety under Lugonu
  1317 | D:2      | Noticed Sigmund
  1329 | D:2      | Killed Sigmund
  1329 | D:2      | Reached skill level 1 in Short Blades
  1329 | D:2      | Reached skill level 5 in Armour
  1329 | D:2      | Reached XP level 5. HP: 42/47 MP: 4/4
  1363 | D:3      | Found a transporter.
  1363 | D:3      | Noticed Mrkan's ghost (amateur HOMo)
  1368 | D:3      | Identified the +11 great mace "Ygigeoti" {venom, rN+ Int+2
                  | Dex-2}
  1368 | D:3      | Noticed an ogre
  1436 | D:3      | Found a glowing drain.
  1455 | Sewer    | Entered a sewer
  1486 | Sewer    | Reached XP level 6. HP: 53/53 MP: 5/5
  1700 | Sewer    | Reached *** piety under Lugonu
  1905 | Sewer    | Reached skill level 5 in Shields
  2107 | Sewer    | Reached XP level 7. HP: 22/60 MP: 6/6
  2353 | D:3      | Found an ornate altar of the Wu Jian Council.
  2412 | D:3      | Reached skill level 5 in Fighting
  3072 | D:3      | Reached **** piety under Lugonu
  3191 | D:5      | Entered Level 5 of the Dungeon
  3446 | D:5      | Reached skill level 6 in Shields
  3712 | D:3      | Noticed Robin
  3729 | D:3      | Killed Robin
  3785 | D:3      | Found a runed translucent door.
  3786 | D:3      | Noticed Crazy Yiuf
  3795 | D:3      | Killed Crazy Yiuf
  3795 | D:3      | Reached XP level 8. HP: 69/69 MP: 7/7
  4897 | D:6      | Reached skill level 5 in Short Blades
  4908 | D:6      | Found a staircase to the Ecumenical Temple.
  4921 | D:6      | Reached skill level 1 in Stealth
  4959 | D:6      | Found a radiant altar of Vehumet.
  5287 | D:6      | Got a shimmering long sword
  5288 | D:6      | Identified the +10 long sword "Lomuxuos" {antimagic, rN+}
                  | (You found it on level 6 of the Dungeon)
  5342 | D:6      | Gained mutation: You have sharp fingernails. [potion of
                  | mutation]
  5342 | D:6      | Gained mutation: Your magical capacity is low. (-10% MP)
                  | [potion of mutation]
  5342 | D:6      | Gained mutation: You are partially covered in icy blue
                  | scales. (AC +2) [potion of mutation]
  5342 | D:6      | Gained mutation: Your skin changes colour to match your
                  | surroundings (Stealth+). [potion of mutation]
  5424 | D:7      | Found a hazy altar of Hepliaklqana.
  5451 | D:7      | Found a shattered altar of Ashenzari.
  5502 | D:7      | Found a sparkling altar of Nemelex Xobeh.
  5502 | D:7      | Noticed a two-headed ogre
  5509 | D:7      | Killed a two-headed ogre
  5509 | D:7      | Reached skill level 7 in Shields
  5509 | D:7      | Reached XP level 9. HP: 29/75 MP: 2/7
  6175 | D:7      | Found a burning altar of Makhleb.
  6175 | D:7      | Noticed a troll
  6180 | D:7      | Killed a troll
  6180 | D:7      | Reached skill level 5 in Long Blades
  6180 | D:7      | Reached skill level 8 in Shields
  6578 | D:7      | Reached XP level 10. HP: 60/86 MP: 2/8
  6655 | D:7      | Reached ***** piety under Lugonu
  6981 | D:8      | Found Zin's Purification Station.
  6984 | D:8      | Found a glowing silver altar of Zin.
  6987 | D:8      | Bought a potion of curing for 90 gold pieces
  7195 | D:8      | Found a huge runed translucent gate.
  7195 | D:8      | Found a huge runed translucent gate.
  7195 | D:8      | Found a huge runed translucent gate.
  7196 | D:8      | Found a huge runed translucent gate.
  7260 | D:8      | Reached skill level 9 in Shields
  7850 | D:9      | Found a basalt altar of Yredelemnul.
  7850 | D:9      | Noticed a death knight
  7855 | D:9      | Noticed a skeletal warrior
  7856 | D:9      | Found a transporter.
  7858 | D:9      | Found a transporter.
  7935 | D:9      | Found an ancient bone altar of Kikubaaqudgha.
  7982 | D:10     | Entered Level 10 of the Dungeon
  8079 | D:9      | Reached skill level 5 in Dodging
  8429 | D:10     | Reached skill level 10 in Shields
  8458 | D:10     | Noticed a gargoyle
  8461 | D:10     | Noticed Sonja
  8469 | D:10     | Cast into level 1 of the Abyss (Sonja)
  8586 | Abyss:1  | Found a corrupted altar of Lugonu.
  8638 | Abyss:1  | Noticed a thrashing horror
  8653 | Abyss:1  | Killed a thrashing horror
  8660 | D:10     | Escaped the Abyss
  8660 | D:10     | Slain by Sonja

Levels and vault maps discovered:
D:1:      grunt_arrival_lava_bath, layout_basic, minmay_tetromino_s4
D:2:      layout_loops_corners, chequers_ecumenical_altar_simple_redux,
          kennysheep_okawaru_gauntlet, uniq_jessica, uniq_sigmund
D:3:      layout_basic, lemuel_round_altar, gammafunk_ghost_smash,
          portal_sewer_entry_a, uniq_crazy_yiuf_cottage, uniq_robin
D:4:      layout_loops_ring
D:5:      layout_loops_corners, first_ration
D:6:      layout_rooms, nicolae_overflow_crystal_walls,
          minmay_temple_entry_statues_pillars, kennysheep_pointless_box
D:7:      layout_gridville, lemuel_doored_altar, basic_altar, grunt_livestock,
          hangedman_feature_mirror
D:8:      lemuel_bear_cage, layout_layer_cave, zin_purify
D:9:      layout_roguey, gammafunk_temple_of_torment
D:10:     layout_basic, grunt_lair_entry_orc_guard_hut, serial_shops, shop,
          dk_vineyard_1, uniq_sonja

Skill      XL: |  1  2  3  4  5  6  7  8  9 10 |
---------------+-------------------------------+-----
Armour         | 4 5 6 8 9 |  9.0
Fighting       | 4 5 6 7 |  7.9
Dodging        | 1 2 3 4 5 |  5.3
Shields        | 4 5 6 7 8 10 | 10.2
Short Blades   | 1 2 4 6 |  6.6
Long Blades    | 3 6 8 |  8.7
Stealth        | 1 2 3 |  3.0

Action                   |  1- 3 |  4- 6 |  7- 9 | 10-12 || total
-------------------------+-------+-------+-------+-------++-------
Melee: Long sword        |    22 |       |    63 |   106 ||   191
       Dagger            |    49 |   151 |   198 |       ||   398
       Headbutt          |     6 |    20 |    69 |    20 ||   115
Invok: Depart the Abyss  |       |       |       |     1 ||     1
  Use: Scroll            |       |     4 |    23 |     7 ||    34
       Potion            |       |     1 |     1 |     5 ||     7
 Stab: Sleeping          |       |       |     1 |     4 ||     5
       Distracted        |       |       |       |     1 ||     1
  Eat: Chunk             |     1 |     3 |    11 |     7 ||    22
       Ration            |       |       |     1 |       ||     1
Armor: Scale mail        |    23 |    50 |    62 |       ||   135
       Troll leather arm |       |       |     8 |    34 ||    42
Dodge: Dodged            |    21 |    61 |    99 |    59 ||   240
Block: Shield            |    24 |    76 |   122 |   112 ||   334
       Reflection        |       |       |       |     1 ||     1
       Rpst.: Long sword |       |       |    21 |    11 ||    32

Table legend:
 A = Non-vault XP
 B = Vault XP
 C = Vault XP percentage of total XP
 D = Non-vault monster count
 E = Vault monster count
 F = Vault count percentage of total count
                 A         B        C        D         E       F
            +---------+---------+-------+---------+---------+-------
      Total |    6272 |    3225 |  34.0 |     156 |      80 |  33.9
            +---------+---------+-------+---------+---------+-------
        D:1 |      48 |       3 |   5.9 |      23 |       2 |   8.0
        D:2 |      36 |     275 |  88.4 |      14 |       2 |  12.5
        D:3 |     209 |      84 |  28.7 |      31 |      18 |  36.7
        D:4 |     106 |       0 |   0.0 |       4 |       0 |   0.0
        D:5 |     565 |       0 |   0.0 |      12 |       0 |   0.0
        D:6 |     470 |       0 |   0.0 |      12 |       0 |   0.0
        D:7 |    1479 |    2166 |  59.4 |      27 |       7 |  20.6
        D:8 |    1064 |       0 |   0.0 |      16 |       0 |   0.0
        D:9 |    1118 |       0 |   0.0 |      12 |       0 |   0.0
       D:10 |     355 |     313 |  46.9 |       4 |       3 |  42.9
    Abyss:1 |     822 |       0 |   0.0 |       1 |       0 |   0.0
      Sewer |       0 |     384 | 100.0 |       0 |      48 | 100.0
            +---------+---------+-------+---------+---------+-------
